 Dungeon Crawl Stone Soup version 0.28-a0-804-g60983d4ba9 (webtiles) character file.

Game seed: 15177480248357686269

26355 Crownlay the Thaumaturge (level 13, -5/78 HPs)
             Began as a Gargoyle Earth Elementalist on Nov 7, 2021.
             Was an Elder of Vehumet.
             Slain by a reaper (8 damage)
             ... in an ice cave.
             The game lasted 00:36:47 (19676 turns).

Crownlay the Thaumaturge (GrEE)                    Turns: 19676, Time: 00:36:47

Health: -5/78      AC: 18    Str: 12    XL:     13   Next: 25%
Magic:  21/40      EV: 11    Int: 21    God:    Vehumet [****..]
Gold:   864        SH:  9    Dex: 10    Spells: 24/40 levels left

rFire   . . .      SeeInvis .   H - staff of conjuration
rCold   . . .      Faith    .   P - +0 buckler
rNeg    + . .      Spirit   .   J - +0 steam dragon scales
rPois   ∞          Reflect  +   m - +0 helmet
rElec   +          Harm     .   l - +0 cloak
rCorr   .          Rampage  .   K - +0 pair of gloves
Will    .....                   h - +0 pair of boots
Stlth   ++........              F - amulet of reflection
HPRegen 0.23/turn               a - ring of magical power
MPRegen 0.27/turn               G - ring of flight

@: flying
A: sickness immunity, AC +9, negative energy resistance 1, electricity
resistance, torment resistance 1, petrification resistance
a: Renounce Religion


You were in an ice cave.
You worshipped Vehumet.
Vehumet was greatly pleased with you.
You visited 3 branches of the dungeon, and saw 15 of its levels.
You also visited: Ice Cave.

You collected 930 gold pieces.
You spent 66 gold pieces at shops.

Inventory:

Missiles
 c - 366 stones
 D - 4 throwing nets
Armour
 h - a +0 pair of boots (worn)
 l - a +0 cloak (worn)
 m - a +0 helmet (worn)
 J - +0 steam dragon scales (worn)
 K - a +0 pair of gloves (worn)
 P - a +0 buckler (worn)
 Q - a scarf of shadows
 S - a +2 kite shield
Magical Staves
 w - a staff of earth
 H - a staff of conjuration (weapon)
Jewellery
 a - a ring of magical power (left hand)
 F - an amulet of reflection (around neck)
 G - a ring of flight (right hand)
 N - a ring of ice
Wands
 p - a wand of mindburst (19)
 E - a wand of flame (41)
 L - a wand of iceblast (8)
 O - a wand of paralysis (5)
 T - a wand of polymorph (7)
Scrolls
 b - a scroll of fear {unknown}
 d - 3 scrolls of blinking
 f - 6 scrolls of teleportation
 n - 5 scrolls of fog
 o - 4 scrolls of amnesia
 u - 2 scrolls of enchant weapon
 v - a scroll of vulnerability {unknown}
 y - a scroll of immolation {unknown}
 z - 2 scrolls of enchant armour {unknown}
 A - a scroll of acquirement {unknown}
 B - 2 scrolls of torment {unknown}
 M - a scroll of noise {unknown}
 R - a scroll of silence {unknown}
Potions
 e - 10 potions of curing
 g - 2 potions of lignification {unknown}
 i - 5 potions of cancellation
 j - 4 potions of might
 k - 3 potions of heal wounds
 q - a potion of brilliance {unknown}
 r - 4 potions of haste
 s - a potion of flight {unknown}
 t - 3 potions of magic
 x - 3 potions of invisibility {unknown}
 C - 2 potions of resistance
 U - a potion of attraction {unknown}
Miscellaneous
 I - a piece from Xom's chessboard (15/15)


   Skills:
 + Level 7.9 Fighting
 - Level 1.5 Dodging
 - Level 2.1 Stealth
 - Level 4.0 Shields
 - Level 14.0 Spellcasting
 - Level 12.0 Conjurations
 - Level 1.0 Hexes
 - Level 0.7 Transmutations
 - Level 11.0 Earth Magic


You had 24 spell levels left.
You knew the following spells:

 Your Spells              Type           Power      Damage    Failure   Level
a - Sandblast             Erth           100%       2d20      1%          1
b - Stone Arrow           Conj/Erth      100%       3d13      1%          3
c - Iskenderun's Battles  Conj           78%        2d13      1%          5
d - Orb of Destruction    Conj           39%        9d13      7%          7

Your spell library contained the following spells:

 Spells                   Type           Power      Damage    Failure   Level
 Airstrike                Air            7%         N/A       11%         4
 Magic Dart               Conj           100%       1d8       1%          1
 Passwall                 Tmut/Erth      32%        N/A       1%          2
 Searing Ray              Conj           100%       2d8       1%          2
 Mephitic Cloud           Conj/Pois/Air  47%        N/A       1%          3
 Fulminant Prism          Conj/Hex       29%        3d14      1%          4
 Fireball                 Conj/Fire      28%        3d12      2%          5
 Inner Flame              Hex/Fire       16%        N/A       3%          3
 Petrify                  Tmut/Erth      39%        N/A       3%          4
 Animate Skeleton         Necr           28%        N/A       4%          1
 Apportation              Tloc           28%        N/A       4%          1
 Pain                     Necr           56%        1d6       4%          1
 Call Imp                 Summ           14%        N/A       6%          2
 Vampiric Draining        Necr           14%        2d7       13%         3
 Conjure Ball Lightning   Conj/Air       28%        3x3d8     16%         6
 Cause Fear               Hex            9%         N/A       28%         4
 Alistair's Intoxication  Tmut/Pois      10%        N/A       71%         5
 Invisibility             Hex            9%         N/A       99%         6
 Discord                  Hex            9%         N/A       100%        8


Dungeon Overview and Level Annotations

Branches:
Dungeon (12/15)            Temple (1/1) D:5            Lair (2/6) D:10
  Swamp (0/4) Lair:2          Orc (0/2) D:9           IceCv (1/1)
  Snake: Lair:2-4    Spider: Lair:2-4

Altars:
Ashenzari
Cheibriados
Dithmenos
Elyvilon
Fedhas
Gozag
Hepliaklqana
Kikubaaqudgha
Makhleb
Nemelex Xobeh
Okawaru
Qazlal
Ru
Sif Muna
Trog
Uskayaw
Vehumet
Wu Jian
Xom
Yredelemnul
Zin
The Shining One

Shops:
D:5 *

Annotations:
D:4 1 runed translucent door


Innate Abilities, Weirdness & Mutations

You are immune to sickness and miasma.
Your stone body is resilient. (AC +9)
You are immune to poison.
You resist negative energy. (rN+)
You are resistant to electric shocks. (rElec)
You are resistant to unholy torment.
You are immune to petrification.


Message History

The dire elephant simulacrum is severely damaged.
You feel a surge of power!
The stone arrow hits the dire elephant simulacrum!
The dire elephant simulacrum vaporises!
Vehumet accepts your kill.
You feel your power returning.
You can't see any susceptible monsters within range! (Use Z to cast anyway.)
There is an open door here.
A reaper comes into view. It is wielding a +1 scythe of freezing.
Found a scroll of magic mapping and a scale mail.
The reaper misses you.
You feel a surge of power!
The stone arrow hits the reaper!
The reaper is lightly wounded.
The reaper misses you.
You feel a surge of power!
The stone arrow hits the reaper!
The reaper is moderately wounded.
The reaper barely misses you.
Press: ? - help, v - describe, . - travel, g - get item
Here: a reaper, wielding a +1 scythe of freezing (moderately wounded) Item here: a scroll of magic mapping.
The floor.
The spell is quite dangerous to cast (7% risk of failure)!
Continue anyway?
You feel a surge of power!
The wavering orb of destruction hits the reaper!!
The reaper is severely wounded.
The reaper hits you from afar with a +1 scythe of freezing!!
The reaper freezes you!
You are too injured to fight recklessly!
A reaper is nearby!
Casting: Orb of Destruction (quite dangerous; 7% risk of failure)
Confirm with . or Enter, or press ? or * to list all spells.
The spell is quite dangerous to cast (7% risk of failure)!
Continue anyway?
Aiming: Orb of Destruction (quite dangerous; 7% risk of failure)
Press: ? - help, Shift-Dir - straight line, f/p - reaper
Aim: a reaper, wielding a +1 scythe of freezing (severely wounded)
You feel a surge of power!
The reaper hits you from afar with a +1 scythe of freezing!!
* * * LOW HITPOINT WARNING * * *
The reaper freezes you!
You die...

## ####⌠####
#..@....#
#.##*##.# #.#
2$#.# #.# ⌠.#.#
##.# .[#.##
####8.#####.8####
#...............#
#'######'######'#
#.#.'.......'.#.#


You could see a reaper (ally target).

Vanquished Creatures
  2 fire dragons (D:10)
  A boulder beetle (Lair:1)
  3 hydras
  A centaur warrior (D:12)
  A two-headed ogre (D:8)
  Sonja (Lair:1)
  2 cyclopes
  2 ice statues (IceCv)
  4 cane toads (Lair:1)
  4 orange demons (D:12)
  Maggie (D:10)
  3 kobold demonologists
  2 anaconda simulacra (IceCv)
  7 ice devils (IceCv)
  3 red devils (D:12)
  A troll (D:10)
  Grinder (D:6)
  6 slime creatures
  A vampire (D:12)
  2 shadows (D:9)
  4 dire elephant simulacra (IceCv)
  21 yaks
  2 wraiths (D:12)
  A wyvern (D:8)
  A basilisk (Lair:1)
  A death yak simulacrum (IceCv)
  Menkaure (D:7)
  2 two-headed ogre zombies (D:9)
  Edmund (D:6)
  4 harpy simulacra (IceCv)
  5 water moccasins
  2 black bears
  A sky beast (D:8)
  4 orc warriors
  4 ogres
  3 necrophages
  10 centaurs
  3 phantoms
  4 bullfrogs
  A two-headed ogre simulacrum (IceCv)
  4 scorpions
  A wyvern zombie (D:7)
  A gnoll sergeant (D:9)
  A water moccasin zombie (D:6)
  2 troll zombies (D:9)
  A wyvern skeleton (D:7)
  21 killer bees
  An elephant simulacrum (IceCv)
  6 electric eels (D:10)
  A howler monkey (D:8)
  A bullfrog zombie (D:5)
  A centaur zombie (D:9)
  3 hounds
  4 jellies
  A centaur skeleton (D:3)
  A bullfrog skeleton (D:5)
  Crazy Yiuf (D:2)
  4 orc priests
  Jessica (D:3)
  Natasha (thrice) (D:2)
  A human skeleton (D:4)
  2 iguanas
  8 orc wizards
  A polar bear simulacrum (IceCv)
  A spriggan simulacrum (IceCv)
  4 ogre zombies (D:9)
  A hound zombie (D:5)
  A hound skeleton (D:4)
  2 howler monkey zombies
  Robin (D:3)
  4 gnolls (D:9)
  8 adders
  An adder zombie (D:5)
  2 worms (D:2)
  2 dart slugs
  17 orcs
  6 ball pythons
  9 endoplasms
  7 giant cockroaches
  17 goblins
  12 hobgoblins
  20 jackals
  4 quokkas
  8 bats
  5 frilled lizards
  2 goblin skeletons (D:9)
  2 goblin zombies (D:9)
  A hobgoblin skeleton (D:9)
  3 hobgoblin zombies (D:9)
  2 jackal zombies (D:4)
  15 kobolds
  3 orc skeletons (D:9)
  14 orc zombies (D:9)
  4 rats
372 creatures vanquished.

Vanquished Creatures (others)
  A kobold (D:12)
  A fungus (D:2)
  7 plants (Lair:1)
  4 toadstools (D:1)
13 creatures vanquished.

Grand Total: 385 creatures vanquished

Notes
Turn   | Place    | Note
-------+----------+-------------------------------------------
     0 | D:1      | Crownlay the Gargoyle Earth Elementalist began the quest
                  | for the Orb.
     0 | D:1      | Reached XP level 1. HP: 10/10 MP: 3/3
   477 | D:1      | Reached XP level 2. HP: 8/15 MP: 3/5
  1470 | D:1      | Reached XP level 3. HP: 19/19 MP: 7/7
  1568 | D:1      | Reached skill level 3 in Spellcasting
  1832 | D:1      | Learned a level 3 spell: Stone Arrow
  2468 | D:2      | Reached XP level 4. HP: 24/24 MP: 0/9
  2590 | D:2      | Found a runed translucent door.
  2749 | D:2      | Reached skill level 4 in Spellcasting
  2749 | D:2      | Reached XP level 5. HP: 28/28 MP: 6/11
  3183 | D:2      | Found a faded altar of an unknown god.
  3395 | D:2      | Noticed Natasha
  3407 | D:2      | Killed Natasha
  3408 | D:2      | Reached skill level 5 in Earth Magic
  3667 | D:2      | Noticed Crazy Yiuf
  3672 | D:2      | Killed Crazy Yiuf
  3953 | D:2      | Noticed Natasha
  3961 | D:2      | Killed Natasha
  4304 | D:2      | Noticed Natasha
  4307 | D:2      | Killed Natasha
  4308 | D:2      | Reached XP level 6. HP: 32/32 MP: 9/13
  4435 | D:3      | Found a sparkling altar of Nemelex Xobeh.
  4529 | D:3      | Reached skill level 5 in Spellcasting
  4657 | D:3      | Noticed Robin
  4669 | D:3      | Killed Robin
  5317 | D:3      | Noticed Jessica
  5351 | D:3      | Killed Jessica
  5979 | D:4      | Noticed a necrophage
  5994 | D:4      | Reached XP level 7. HP: 27/36 MP: 11/15
  6108 | D:4      | Reached skill level 6 in Spellcasting
  6161 | D:4      | Found a glowing silver altar of Zin.
  6164 | D:4      | Found a blossoming altar of Fedhas.
  6312 | D:4      | Found a runed translucent door.
  6312 | D:4      | Noticed a human
  6343 | D:4      | Found a basalt altar of Yredelemnul.
  6351 | D:4      | Reached XP level 8. HP: 41/41 MP: 10/18
  6516 | D:4      | Found a sacrificial altar of Ru.
  6516 | D:4      | Found a bloodstained altar of Trog.
  6922 | D:5      | Entered Level 5 of the Dungeon
  6941 | D:5      | Reached skill level 7 in Spellcasting
  7320 | D:5      | Reached skill level 8 in Spellcasting
  7434 | D:5      | Found a staircase to the Ecumenical Temple.
  7452 | Temple   | Entered the Ecumenical Temple
  7504 | Temple   | Became a worshipper of Vehumet
  7771 | D:5      | Found Ebikof's General Store.
  7774 | D:5      | Bought a scroll of magic mapping for 42 gold pieces
  7774 | D:5      | Bought a scroll of identify for 24 gold pieces
  7819 | D:5      | Found a stormy altar of Qazlal.
  8233 | D:6      | Reached XP level 9. HP: 45/45 MP: 17/21
  8308 | D:6      | Noticed Grinder
  8312 | D:6      | Killed Grinder
  8316 | D:6      | Noticed Edmund
  8324 | D:6      | Killed Edmund
  8325 | D:6      | Reached skill level 9 in Spellcasting
  9413 | D:7      | Reached skill level 10 in Spellcasting
  9533 | D:7      | Reached skill level 10 in Earth Magic
  9604 | D:7      | Noticed Menkaure
  9620 | D:7      | Reached skill level 1 in Conjurations
  9623 | D:7      | Killed Menkaure
 10378 | D:8      | Reached XP level 10. HP: 37/50 MP: 20/24
 10821 | D:8      | Noticed a two-headed ogre
 10827 | D:8      | Killed a two-headed ogre
 10828 | D:8      | Reached skill level 11 in Spellcasting
 10963 | D:8      | Reached * piety under Vehumet
 10963 | D:8      | Offered knowledge of Foxfire by Vehumet.
 11747 | D:9      | Learned a level 5 spell: Iskenderun's Battlesphere
 11896 | D:9      | Found a shadowy altar of Dithmenos.
 12091 | D:9      | Reached skill level 5 in Conjurations
 12181 | D:9      | Found a staircase to the Orcish Mines.
 12197 | D:9      | Reached ** piety under Vehumet
 12200 | D:9      | Offered knowledge of Shock by Vehumet.
 12312 | D:9      | Reached skill level 12 in Spellcasting
 13061 | D:10     | Entered Level 10 of the Dungeon
 13130 | D:10     | Noticed Maggie
 13136 | D:10     | Killed Maggie
 13137 | D:10     | Reached XP level 11. HP: 47/54 MP: 27/27
 13195 | D:10     | Noticed a fire dragon
 13202 | D:10     | Killed a fire dragon
 13465 | D:10     | Found a staircase to the Lair.
 13466 | D:10     | Noticed a fire dragon
 13472 | D:10     | Killed a fire dragon
 13611 | D:10     | Offered knowledge of Dazzling Flash by Vehumet.
 13984 | D:10     | Reached *** piety under Vehumet
 14126 | D:10     | Found a burning altar of Makhleb.
 14180 | D:10     | Learned a level 7 spell: Orb of Destruction
 14241 | D:11     | Noticed a cyclops
 14246 | D:11     | Killed a cyclops
 14282 | D:11     | Noticed an eight-headed hydra
 14287 | D:11     | Killed an eight-headed hydra
 14956 | D:12     | Reached skill level 10 in Conjurations
 15217 | D:12     | Noticed a centaur warrior
 15220 | D:12     | Killed a centaur warrior
 15221 | D:12     | Reached XP level 12. HP: 40/59 MP: 28/28
 15694 | D:11     | Offered knowledge of Olgreb's Toxic Radiance by Vehumet.
 16275 | D:12     | Reached skill level 1 in Fighting
 16501 | D:10     | Reached skill level 13 in Spellcasting
 16619 | Lair:1   | Entered Level 1 of the Lair of Beasts
 16713 | Lair:1   | Noticed Sonja
 16723 | Lair:1   | Killed Sonja
 16723 | Lair:1   | Reached **** piety under Vehumet
 16935 | Lair:1   | Noticed a five-headed hydra
 16965 | Lair:1   | Killed a five-headed hydra
 16965 | Lair:1   | Offered knowledge of Airstrike by Vehumet.
 17172 | Lair:1   | Noticed a boulder beetle
 17179 | Lair:1   | Killed a boulder beetle
 17180 | Lair:1   | Reached skill level 1 in Shields
 17180 | Lair:1   | Reached skill level 1 in Hexes
 17645 | Lair:1   | Reached skill level 5 in Fighting
 17965 | Lair:1   | Noticed an eight-headed hydra
 17967 | Lair:1   | Killed an eight-headed hydra
 18057 | Lair:2   | Found a frozen archway.
 18066 | IceCv    | Entered an ice cave
 18108 | IceCv    | Reached XP level 13. HP: 74/74 MP: 30/30
 18946 | IceCv    | Reached skill level 14 in Spellcasting
 19672 | IceCv    | Noticed a reaper
 19676 | IceCv    | HP: 3/78 [reaper (31)]
 19676 | IceCv    | Slain by a reaper

Illustrated notes

Levels and vault maps discovered:
D:1:      ldierk_walled_garden_2, layout_basic
D:2:      layout_loops_corners, chequers_ecumenical_altar_simple,
          minmay_split_cup_small, uniq_natasha, uniq_crazy_yiuf_cottage
D:3:      layout_loops_corners, mainiacjoe_overflow_paths, grunt_ministairs_14,
          corexii_hall_statues_deadend, uniq_robin, uniq_jessica
D:4:      layout_loops_ring, dk_yredelemnul_ordeal,
          nicolae_overflow_hidden_temple
D:5:      wander_river, layout_basic, lemuel_tele_altar, temple_fountains,
          serial_shops, kennysheep_mini_moat, minmay_crystal_water
D:6:      layout_basic, lemuel_old_faithful, uniq_edmund, uniq_grinder
D:7:      layout_cave_pods, serial_co_window_serial, co_window_paths_a,
          co_window_corner_a, co_window_cross_1, co_window_paths_a,
          co_window_paths_a, co_window_of_opportunity_b, co_window_corner_b,
          co_window_unsneaky_path_e, co_window_of_opportunity_c,
          co_window_broadway_c, glass_columns_a, uniq_menkaure
D:8:      layout_basic
D:9:      layout_big_octagon, mainiacjoe_overflow_brackets, zombieorc2_lemuel,
          grunt_decor_one_mirror
D:10:     layout_basic, general_overflow_altar, minmay_lair_entry_lava,
          feat_on_display, uniq_maggie
D:11:     layout_cave_pools
D:12:     layout_rooms, chequers_avenue, minmay_beelzebubs_servants
Temple:   dshaligram_water_room_temple
Lair:1:   layout_gridlike, serial_bayou_shore_a, lemuel_fruit_fields,
          infiniplex_staircase_pool_2, lemuel_fruit_tree, uniq_sonja
Lair:2:   layout_loops_ring, skrybe_swamp_entry_bodies,
          portal_ice_cave_entry_pillars_1, serial_bayou_pond_c,
          hibernation_bobbens
IceCv:    ice_cave_tombish

Skill      XL: |  1  2  3  4  5  6  7  8  9 10 11 12 13 |
---------------+----------------------------------------+-----
Earth Magic    | 4 5 6 8 10 11 | 11.0
Spellcasting   | 3 4 5 6 8 10 12 13 14 | 14.0
Conjurations   | 2 6 11 12 | 12.0
Fighting       | 5 7 |  7.9
Shields        | 4 |  4.0
Hexes          | 1 |  1.0
Dodging        | |  1.5
Stealth        | |  2.1
Transmutations | |  0.7

Action                   |  1- 3 |  4- 6 |  7- 9 | 10-12 | 13-15 || total
-------------------------+-------+-------+-------+-------+-------++-------
Melee: Unarmed           |    15 |       |       |       |       ||    15
       Mace              |   111 |     5 |       |       |       ||   116
       Falchion          |       |   101 |    14 |       |       ||   115
       Staff             |       |       |     1 |     1 |       ||     2
 Cast: Sandblast         |    20 |    60 |   132 |   143 |       ||   355
       Stone Arrow       |       |       |    18 |   189 |    61 ||   268
       Iskenderun's Batt |       |       |       |     5 |     6 ||    11
       Orb of Destructio |       |       |       |    19 |     6 ||    25
Evoke: Wand              |       |       |       |     7 |       ||     7
  Use: Scroll            |     2 |     1 |     6 |     4 |     1 ||    14
       Potion            |       |       |       |     2 |     2 ||     4
 Stab: Sleeping          |     4 |     6 |     1 |       |       ||    11
Armor: Robe              |    68 |    62 |    21 |    19 |       ||   170
       Steam dragon scal |       |       |       |    24 |    22 ||    46
Dodge: Dodged            |    81 |    80 |    52 |    72 |    13 ||   298
Block: Other             |       |       |       |    24 |       ||    24
       Reflection        |       |       |       |     5 |       ||     5
       Buckler           |       |       |       |       |    10 ||    10

Table legend: (Time is in decaauts)
 A = Elapsed time spent in this place.
 B = Non-inter-level travel time spent in this place.
 C = Inter-level travel time spent in this place.
 D = Time resting spent in this place.
 E = Time spent auto-exploring this place.
 F = Levels seen in this place.
 G = Mean time per level.
                   A        B        C        D        E       F      G
               +--------+--------+--------+--------+--------+-----+--------+
         Total |  19766 |  18944 |    822 |    815 |  15727 |  16 | 1235.4 |
       Dungeon |  16635 |  15847 |    788 |    148 |  13695 |  12 | 1386.2 |
        Temple |     74 |     61 |     13 |      0 |     48 |   1 |   74.0 |
          Lair |   1446 |   1426 |     20 |    266 |    951 |   2 |  723.0 |
      Ice Cave |   1609 |   1609 |      0 |    401 |   1033 |   1 | 1609.0 |
               +--------+--------+--------+--------+--------+-----+--------+

Top non-repeatable levels by time:
     D:1: 2263 daAuts
     D:2: 2151 daAuts
   IceCv: 1609 daAuts
     D:3: 1576 daAuts
     D:9: 1571 daAuts
  Lair:1: 1431 daAuts
     D:7: 1410 daAuts
    D:10: 1308 daAuts
    D:12: 1202 daAuts
     D:8: 1117 daAuts
     D:6: 1102 daAuts
    D:11: 1049 daAuts
     D:4: 1007 daAuts
     D:5: 873 daAuts
  Temple: 74 daAuts
